 Dungeon Sprint DCSS version 0.19-a0-1827-g174f941 (webtiles) character file.

10600000 Theye the Axe Maniac (level 27, -17/249 HPs)
             Began as a Demonspawn Gladiator on Oct 7, 2016.
             Was the Champion of Makhleb.
             Killed by the air
             ... invoked by a tyrant
              (43 damage)
             ... in the Dungeon (Sprint VIII: "Arena of Blood").
             The game lasted 00:03:14 (106 turns).

Theye the Axe Maniac (Demonspawn Gladiator)          Turns: 106, Time: 00:03:15

Health: -17/249    AC: 12    Str: 15    XL:     27
Magic:  0/54       EV: 36    Int: 11    God:    Makhleb [******]
Gold:   0          SH:  0    Dex: 26    Spells: 0 memorised, 80 levels left

rFire  + . .     SeeInvis .     l - +∞ Axe of Woe
rCold  + . .     Gourm    .     b - +0 leather armour
rNeg   . . .     Faith    .     (shield currently unavailable)
rPois  .         Spirit   +     c - +0 helmet
rElec  .         Dismiss  .     (no cloak)
rCorr  .         Reflect  .     (no gloves)
MR     ++...     Harm     .     (boots unavailable)
Stlth  +++++++++. NoTele   +    (no amulet)
                                (no ring)
                                (no ring)

@: marked, drained
A: talons 3, molten scales 3, cold resistance 1, passive freeze, spiny 3, magic
shield, magic regeneration, magic link, freezing cloud immunity
a: Minor Destruction, Lesser Servant of Makhleb, Major Destruction, Greater
Servant of Makhleb, Renounce Religion


You were in the Dungeon.
You worshipped Makhleb.
Makhleb was exalted by your worship.
You were not hungry.

You visited 1 branch

Inventory:

Hand Weapons
 a - a +0 war axe
 l - the +∞ Axe of Woe (weapon)
   (You found it in the Dungeon)
Missiles
 d - 3 throwing nets (quivered)
Armour
 b - a +0 leather armour (worn)
 c - a +0 helmet (worn)
Scrolls
 k - a scroll of blinking
Potions
 e - a potion of curing
 g - a potion of heal wounds
 h - a potion of haste
 i - 2 potions of magic
 j - a potion of berserk rage
Comestibles
 f - a bread ration


   Skills:
 O Level 27(25.7) Fighting
 O Level 27(25.7) Axes
 O Level 27(25.7) Throwing
 O Level 27(25.7) Armour
 O Level 27(25.7) Dodging
 O Level 27(25.7) Stealth
 O Level 27(25.7) Unarmed Combat
 O Level 27(25.7) Spellcasting
 O Level 27(25.7) Invocations


You had 80 spell levels left.
You didn't know any spells.

Dungeon Overview and Level Annotations

Branches:
Dungeon (1/1)

Altars:
Makhleb

Annotations:
D The Servant


Innate Abilities, Weirdness & Mutations

You have claws for feet.
You are completely covered in molten scales. (AC +4, rF+)
Your flesh is cold resistant. (rC+)
A frigid envelope surrounds you and freezes all who hurt you.
You are completely covered in sharp spines.
When hurt, damage is shared between your health and your magic reserves.
You regenerate magic rapidly.
When low on magic, you restore magic in place of health.
You are immune to freezing clouds.


Message History

* * * LOW HITPOINT WARNING * * *
The large bag of meat convulses!
The bag of meat convulses! x7
A bag of meat comes into view. It is wielding a +9 war axe.
Unknown command.
Unknown command.
You hit the bag of meat.
You butcher the bag of meat messily.
You kill the bag of meat!
Makhleb accepts your kill.
You feel better.
You are engulfed in roaring flames.
You resist.
* * * LOW HITPOINT WARNING * * *
The meat beast gurgles, "Thy eyes shall be my supper!"
You feel something staring at you. Something smites you!
* * * LOW HITPOINT WARNING * * *
The tyrant waves its bony arms in wide circles.
The air twists around and strikes you!
* * * LOW HITPOINT WARNING * * *
The tyrant waves its bony arms in wide circles.
The air twists around and strikes you!
You die...

#... #... ...# .
..XX..###Xox
..o###..
Xoo..%XXozo###X.....


ooL#ooXXoD..Xoo... .#XXoC.oL#2.XXX# .XXxoWXoX#O.L)L# #oXooXxX#2oXX.#.
.XX#z§)§)@%ozXX)...... .XoooC§@)2D###........ XXxXX.###xooox..###... X.XLo
#§.Coo..# .. L.XX #.§Loo..# ... §o..o%... #. ..C...o.... X ..C...... ....... You
could see 9 tentacled monstrosities, 2 meat beasts, 7 tyrants, The Servant, 2
eight-headed meat hydras, 3 sculptors of flesh, 3 large bags of meat, 28 large
abominations, a dread, a small abomination, 33 bags of meat and 4 crawling
corpses.

Vanquished Creatures
  Sigmund (D)
  14 hell beasts (D)
  4 greater mummies (D)
  6 wraiths (D)
  18 vampire knights (D)
  54 ogres (D)
  2 liches (D)
  2 hydras (D)
  79 orcs (D)
  2 phantoms (D)
  8 hill giants (D)
  6 skeletal warriors (D)
  8 large abominations (D)
  11 small abominations (D)
  15 crawling corpses (D)
230 creatures vanquished.

Vanquished Creatures (others)
  5 ogres (D)
  A hydra (D)
  8 orcs (D)
  3 hill giants (D)
  A small abomination (D)
  14 crawling corpses (D)
32 creatures vanquished.

Grand Total: 262 creatures vanquished

Notes
Turn   | Place    | Note
-------+----------+-------------------------------------------
     0 | D        | Theye the Demonspawn Gladiator began the quest for the Orb.
     0 | D        | Reached XP level 1. HP: 16/16 MP: 1/1
     3 | D        | Noticed a bag of meat
     4 | D        | Noticed a bag of meat
     4 | D        | Became a worshipper of Makhleb the Destroyer
     5 | D        | Noticed a bag of meat
     5 | D        | Noticed a bag of meat
     5 | D        | Noticed a meat berserker
     6 | D        | Noticed a meat berserker
     7 | D        | Noticed a bag of meat
     7 | D        | Noticed a bag of meat
     7 | D        | Killed a meat berserker
     7 | D        | Reached skill level 10 in Throwing
     7 | D        | Gained mutation: You are partially covered in sharp spines. [demonic ancestry]
     7 | D        | Reached XP level 2. HP: 38/38 MP: 2/2
     7 | D        | Gained mutation: You have sharp toenails. [demonic ancestry]
     7 | D        | Reached XP level 3. HP: 44/44 MP: 3/3
     7 | D        | Reached XP level 4. HP: 51/51 MP: 4/4
     7 | D        | Gained mutation: You have razor-sharp toenails. [demonic ancestry]
     7 | D        | Reached XP level 5. HP: 57/57 MP: 5/5
     7 | D        | Gained mutation: When hurt, damage is shared between your health and your magic reserves. [demonic ancestry]
     7 | D        | Reached XP level 6. HP: 64/64 MP: 6/6
     7 | D        | Gained mutation: You regenerate magic rapidly. [demonic ancestry]
     7 | D        | Reached XP level 7. HP: 69/69 MP: 7/7
     7 | D        | Gained mutation: You have claws for feet. [demonic ancestry]
     7 | D        | Reached XP level 8. HP: 76/76 MP: 8/8
     7 | D        | Gained mutation: You are mostly covered in sharp spines. [demonic ancestry]
     7 | D        | Reached XP level 9. HP: 82/82 MP: 9/9
     7 | D        | Gained mutation: You are partially covered in molten scales. (AC +2) [demonic ancestry]
     7 | D        | Reached XP level 10. HP: 89/89 MP: 10/10
     7 | D        | Reached XP level 11. HP: 95/95 MP: 11/11
     7 | D        | Reached XP level 12. HP: 102/102 MP: 12/12
     7 | D        | Reached XP level 13. HP: 107/107 MP: 13/13
     8 | D        | Noticed a meat berserker
     8 | D        | Killed a bag of meat
     8 | D        | Reached * piety under Makhleb
     8 | D        | Killed a bag of meat
     8 | D        | Reached XP level 14. HP: 104/120 MP: 11/14
     9 | D        | Noticed a bag of meat
     9 | D        | Noticed a meat berserker
     9 | D        | Killed a bag of meat
     9 | D        | Reached skill level 15 in Fighting
     9 | D        | Killed a meat berserker
     9 | D        | Reached ** piety under Makhleb
     9 | D        | Gained mutation: You are mostly covered in molten scales. (AC +3) [demonic ancestry]
     9 | D        | Reached XP level 15. HP: 132/132 MP: 11/15
    10 | D        | Noticed a meat berserker
    11 | D        | Gained mutation: You are completely covered in molten scales. (AC +4, rF+) [demonic ancestry]
    11 | D        | Reached XP level 16. HP: 143/143 MP: 11/16
    12 | D        | Killed a meat berserker
    12 | D        | Reached *** piety under Makhleb
    12 | D        | Reached skill level 27 in Axes
    12 | D        | Reached skill level 27 in Dodging
    13 | D        | Noticed a meat berserker
    13 | D        | Noticed a meat berserker
    13 | D        | Noticed a meat berserker
    13 | D        | Killed a meat berserker
    13 | D        | Gained mutation: You are completely covered in sharp spines. [demonic ancestry]
    13 | D        | Reached XP level 17. HP: 168/168 MP: 12/17
    14 | D        | Noticed a meat berserker
    14 | D        | Killed a meat berserker
    14 | D        | Reached skill level 27 in Fighting
    16 | D        | Killed a meat berserker
    16 | D        | Reached **** piety under Makhleb
    16 | D        | Reached skill level 27 in Throwing
    16 | D        | Reached XP level 18. HP: 182/182 MP: 12/18
    17 | D        | Noticed a meat berserker
    18 | D        | Noticed a meat berserker
    18 | D        | Killed a meat berserker
    18 | D        | Killed a meat berserker
    18 | D        | Reached XP level 19. HP: 189/189 MP: 13/35
    18 | D        | Killed a meat berserker
    18 | D        | Reached skill level 15 in Stealth
    19 | D        | Reached ***** piety under Makhleb
    19 | D        | Reached skill level 15 in Armour
    19 | D        | Reached skill level 15 in Unarmed Combat
    19 | D        | Reached skill level 15 in Spellcasting
    19 | D        | Gained mutation: When low on magic, you restore magic in place of health. [demonic ancestry]
    19 | D        | Reached XP level 20. HP: 197/197 MP: 13/40
    22 | D        | Killed a meat berserker
    23 | D        | Killed a meat berserker
    23 | D        | Reached skill level 27 in Invocations
    23 | D        | Reached XP level 21. HP: 204/204 MP: 16/45
    26 | D        | Noticed a destroyer
    26 | D        | Reached ****** piety under Makhleb
    28 | D        | Noticed a destroyer
    29 | D        | Noticed a destroyer
    30 | D        | Noticed a destroyer
    32 | D        | Noticed a destroyer
    32 | D        | Killed a destroyer
    32 | D        | Reached skill level 27 in Stealth
    32 | D        | Reached XP level 22. HP: 212/212 MP: 12/52
    33 | D        | Noticed a destroyer
    35 | D        | Reached skill level 27 in Armour
    35 | D        | Reached skill level 27 in Unarmed Combat
    35 | D        | Reached skill level 27 in Spellcasting
    35 | D        | Killed a destroyer
    36 | D        | Killed a destroyer
    36 | D        | Reached XP level 23. HP: 219/219 MP: 8/54
    36 | D        | Killed a destroyer
    38 | D        | Noticed a destroyer
    38 | D        | Killed a destroyer
    38 | D        | Reached XP level 24. HP: 227/227 MP: 10/54
    40 | D        | Noticed a destroyer
    43 | D        | Noticed a destroyer
    43 | D        | Gained mutation: Your flesh is cold resistant. (rC+) [demonic ancestry]
    43 | D        | Reached XP level 25. HP: 234/234 MP: 2/54
    43 | D        | Killed a destroyer
    46 | D        | Noticed an accursed
    46 | D        | Noticed a destroyer
    46 | D        | Noticed a destroyer
    47 | D        | Gained mutation: You are immune to freezing clouds. [demonic ancestry]
    47 | D        | Reached XP level 26. HP: 200/242 MP: 4/54
    49 | D        | Noticed a destroyer
    49 | D        | Killed a destroyer
    50 | D        | Killed a destroyer
    50 | D        | Gained mutation: A frigid envelope surrounds you and freezes all who hurt you. [demonic ancestry]
    50 | D        | Reached XP level 27. HP: 245/249 MP: 4/54
    51 | D        | Noticed a tyrant
    52 | D        | Killed a destroyer
    53 | D        | Noticed a destroyer
    54 | D        | Noticed an accursed
    54 | D        | Noticed an accursed
    54 | D        | Killed a destroyer
    55 | D        | Killed a destroyer
    55 | D        | Killed a destroyer
    58 | D        | Killed a tyrant
    60 | D        | Noticed a tyrant
    61 | D        | Noticed The Captor
    63 | D        | Killed an accursed
    63 | D        | Killed a destroyer
    64 | D        | Noticed a meat beast
    64 | D        | Noticed a destroyer
    64 | D        | Killed an accursed
    66 | D        | Noticed a meat beast
    66 | D        | Noticed an accursed
    66 | D        | Killed a destroyer
    67 | D        | Noticed a meat beast
    67 | D        | Noticed a meat beast
    68 | D        | Killed a meat beast
    69 | D        | Killed a meat beast
    70 | D        | Noticed a meat beast
    70 | D        | Killed The Captor
    71 | D        | Noticed a dread
    71 | D        | Killed a meat beast
    71 | D        | Killed a meat beast
    72 | D        | Noticed a dread
    72 | D        | Noticed a dread
    73 | D        | Noticed a tyrant
    73 | D        | Noticed a destroyer
    74 | D        | Noticed a meat beast
    74 | D        | Killed a destroyer
    74 | D        | Killed a meat beast
    75 | D        | Noticed a dread
    75 | D        | Killed a dread
    77 | D        | Noticed a meat beast
    78 | D        | Noticed a meat beast
    78 | D        | Noticed a meat beast
    78 | D        | Noticed a dread
    78 | D        | Killed a tyrant
    78 | D        | Killed a dread
    79 | D        | Killed a meat beast
    80 | D        | Noticed a meat beast
    80 | D        | Noticed a meat beast
    80 | D        | Noticed a dread
    80 | D        | Killed a dread
    81 | D        | Noticed a dread
    81 | D        | Noticed a meat beast
    81 | D        | Killed a meat beast
    82 | D        | Killed a meat beast
    83 | D        | Noticed a destroyer
    83 | D        | Killed an accursed
    83 | D        | Killed a meat beast
    84 | D        | Noticed a destroyer
    84 | D        | Killed an accursed
    86 | D        | Killed a destroyer
    86 | D        | Killed a meat beast
    86 | D        | Killed a meat beast
    87 | D        | Noticed a meat beast
    87 | D        | Noticed a meat beast
    88 | D        | Noticed a tyrant
    89 | D        | Noticed a tyrant
    90 | D        | Killed a meat beast
    90 | D        | Killed a dread
    91 | D        | Killed a dread
    92 | D        | Killed a destroyer
    93 | D        | Noticed The Servant
    94 | D        | Noticed a tyrant
    94 | D        | Noticed a destroyer
    94 | D        | Killed a meat beast
    95 | D        | Noticed an accursed
    95 | D        | Noticed a meat beast
    95 | D        | Noticed a dread
    96 | D        | Killed a destroyer
    97 | D        | Killed a meat beast
    98 | D        | Noticed a meat beast
    98 | D        | Killed a dread
    99 | D        | Noticed a tyrant
   103 | D        | Noticed a tyrant
   103 | D        | Noticed a tyrant
   106 | D        | Killed from afar by a tyrant

Vault maps used:
D:        meatsprint

Skill      XL: |  1  2  3  4  5  6  7  8  9 10 11 12 13 14 15 16 17 18 19 20 21 22 |
---------------+-------------------------------------------------------------------+-----
Fighting       | 11 14 16 18 24 27 | 27.0
Axes           | 19 21 25 26 27 | 27.0
Throwing       | 10 12 13 14 19 27 | 27.0
Dodging        | 18 21 24 25 27 | 27.0
Armour         | 12 16 20 26 27 | 27.0
Stealth        | 13 17 22 27 | 27.0
Unarmed Combat | 12 16 20 26 27 | 27.0
Spellcasting   | 12 16 20 26 27 | 27.0
Invocations    | 16 21 27 | 27.0

Action                   |  1- 3 |  4- 6 |  7- 9 | 10-12 | 13-15 | 16-18 | 19-21 | 22-24 | 25-27 || total
-------------------------+-------+-------+-------+-------+-------+-------+-------+-------+-------++-------
Melee: Executioner's axe |     1 |       |       |       |     3 |     5 |     8 |    10 |    63 ||    90
Armor: Leather armour    |       |       |       |       |     1 |       |       |       |     3 ||     4
Dodge: Dodged            |       |       |       |       |       |       |       |       |     2 ||     2
